 Dungeon Crawl Stone Soup version 0.31.0-12-g77e489cdc1 (webtiles) character file.

Game seed: 15622202027317610703

304 Hrothgar the Trooper (level 6, 0/65 HPs)
             Began as an Oni Fighter on Feb 16, 2024.
             Slain by a gnoll
             ... wielding a +0 halberd
             ... led by a gnoll bouda
              (15 damage)
             ... on level 4 of the Dungeon.
             The game lasted 00:04:52 (1322 turns).

Hrothgar the Trooper (Oni Fighter)                  Turns: 1322, Time: 00:04:52

Health: 0/65       AC:  5    Str: 19 (21) XL:     6   Next: 38%
Magic:  6/6        EV:  9    Int:  8 (11) God:
Gold:   75         SH:  0    Dex:  5 (8)  Spells: 3/5 levels left

rFire   . . .        h - +0 giant club
rCold   . . .        (shield currently unavailable)
rNeg    . . .        b - +0 robe
rPois   .            g - +2 hat
rElec   .            (no cloak)
rCorr   .            (gloves unavailable)
SInv    .            (boots unavailable)
Will    .....        (no amulet)
Stlth   +            (no ring)
HPRegen 0.30/turn    (no ring)
MPRegen 0.10/turn

%: no passive effects
@: weakened
A: large, unfitting armour, horns 1, tough skin 1, double potion healing,
drunken brawling
a: no special abilities


You were on level 4 of the Dungeon.
You visited 1 branch of the dungeon, and saw 4 of its levels.

You collected 75 gold pieces.

Inventory:

Hand Weapons
 a - a +0 war axe
 h - a +0 giant club (weapon)
Missiles
 e - 3 boomerangs (quivered)
Armour
 b - a +0 robe (worn)
 c - a +0 kite shield
 g - a +2 hat (worn)
Scrolls
 f - 3 scrolls of teleportation
Potions
 d - 2 potions of might


   Skills:
 * Level 4.9 Fighting
 * Level 3.6 Axes
 * Level 0.4(2.2) Maces & Flails
 * Level 1.5 Throwing
 * Level 1.2 Armour
 * Level 3.4 Dodging
 * Level 1.3 Stealth
 * Level 3.3 Shields
 * Level 0.4 Spellcasting
 * Level 0.3 Necromancy
 * Level 0.2 Air Magic
 * Level 0.3 Alchemy
 * Level 0.4 Invocations


You had 3 spell levels left.
You knew the following spells:

 Your Spells              Type           Power      Damage    Failure   Level
a - Cigotuvi's Dreadful   Necr/Alch/Air  0%         N/A       50%         2

Your spell library contained the following spells:

 Spells                   Type           Power      Damage    Failure   Level
 Dispel Undead            Necr           0%         3d6       98%         4
 Martyr's Knell           Necr/Summ      0%         N/A       98%         4
 Death Channel            Necr           0%         N/A       100%        6


Dungeon Overview and Level Annotations

Branches:
Dungeon (4/15)
 Temple: D:4-7

Altars:
Elyvilon
Wu Jian
The Shining One


Innate Abilities, Weirdness & Mutations

You are too large for most types of armour.
You have a pair of small horns on your head.
You have tough skin. (AC +1)
You gain doubled healing and magic from potions.
Whenever you drink a healing potion, you attack all around you.


Message History

The gnoll bouda is severely wounded.
The gnoll bouda utters an invocation to its god.
The gnoll bouda is healed somewhat.
You hit the gnoll but do no damage. The gnoll barely misses you.
The gnoll bouda hits you with a +0 club!
The gnoll hits you from afar with a +0 halberd!
The gnoll hits you with a +0 whip.
The gnoll bouda gazes fiercely through you!
You feel your attacks grow feeble.
The gnoll bouda hits you with a +0 club.
The gnoll closely misses you. The gnoll hits you with a +0 whip.
The gnoll hits you with a +0 flail.
You hit the gnoll bouda. Your headbutt misses the gnoll bouda.
The gnoll bouda is heavily wounded.
The gnoll is no longer moving quickly.
The gnoll bouda closely misses you. The gnoll barely misses you.
The gnoll hits you with a +0 whip. The gnoll hits you with a +0 flail!
The gnoll bouda barks out a call to the hunt!
The gnoll picks up the pace!
You closely miss the gnoll bouda.
The gnoll bouda is heavily wounded.
The gnoll hits you but does no damage. The gnoll hits you with a +0 whip.
* * * LOW HITPOINT WARNING * * *
The gnoll barely misses you.
The gnoll bouda utters an invocation to its god.
The gnoll bouda is healed somewhat.
The gnoll closely misses you. The gnoll hits you with a +0 whip.
* * * LOW HITPOINT WARNING * * *
The gnoll barely misses you.
You sock the gnoll bouda!
The gnoll bouda is severely wounded.
The gnoll bouda gazes fiercely through you!
You feel as though you will be weak longer.
The gnoll bouda closely misses you. The gnoll barely misses you. x3
The gnoll bouda hits you with a +0 club.
* * * LOW HITPOINT WARNING * * *
You barely miss the gnoll bouda.
The gnoll bouda is severely wounded.
The gnoll hits you with a +0 halberd!
You die...

................ .......
...............#
...........########....#
#.....#...# ##...# #....#...#
##...# #.......## ##....# .
#.......# ###.....# #.
#gg....####........ #..
#@g...#........... #..##
#g...............# #....##
##..............## ##.....###
##..............##
#........###
##..............##
#..###.....###...............#
#. ###.....#..............##
##....................###
###...........<รท.......##


You could see a gnoll bouda and 3 gnolls.

Vanquished Creatures
  An ogre (D:4)
  A crimson imp (D:3)
  2 hounds (D:4)
  Jessica (D:2)
  An iguana (D:4)
  An orc wizard (D:4)
  An adder (D:3)
  An orc (D:4)
  5 endoplasms
  5 goblins
  3 hobgoblins
  2 kobolds (D:4)
  3 quokkas
  4 ball pythons
  3 bats
  A frilled lizard (D:3)
  2 goblin skeletons (D:3)
  A goblin zombie (D:3)
  2 hobgoblin zombies (D:3)
  A kobold zombie (D:3)
  4 orc skeletons (D:3)
  A rat (D:2)
46 creatures vanquished.

Notes
Turn   | Place    | Note
-------+----------+-------------------------------------------
     0 | D:1      | Hrothgar the Oni Fighter began the quest for the Orb.
     0 | D:1      | Reached XP level 1. HP: 24/24 MP: 1/1
    88 | D:1      | Reached XP level 2. HP: 30/32 MP: 2/2
   122 | D:1      | Found a faded altar of an unknown god.
   122 | D:1      | Noticed an Ice Fiend
   131 | D:1      | Prayed at the altar of an unknown god.
   131 | D:1      | Became a worshipper of Elyvilon the Healer
   131 | D:1      | Reached * piety under Elyvilon
   133 | D:1      | Fell from the grace of Elyvilon
   147 | D:1      | You fall into a shaft and drop 1 floor!
   223 | D:2      | Found an ornate altar of the Wu Jian Council.
   271 | D:2      | Noticed Jessica
   278 | D:2      | Killed Jessica
   279 | D:2      | Reached XP level 3. HP: 21/40 MP: 3/3
   398 | D:3      | Found a glowing golden altar of the Shining One.
   427 | D:3      | Reached XP level 4. HP: 21/49 MP: 4/4
   698 | D:4      | Reached skill level 1 in Stealth
   911 | D:4      | Noticed an ogre
   919 | D:4      | Killed an ogre
   920 | D:4      | Reached skill level 1 in Throwing
   920 | D:4      | Reached skill level 1 in Armour
   920 | D:4      | Reached XP level 5. HP: 31/55 MP: 5/5
   942 | D:4      | Learned a level 2 spell: Cigotuvi's Dreadful Rot
  1056 | D:4      | Reached XP level 6. HP: 45/65 MP: 6/6
  1322 | D:4      | Slain by a gnoll

Illustrated notes

Levels and vault maps discovered:
D:1:      saegor_arrival_simple_b, layout_basic,
          dreamdust_ecumenical_altar_sealed_demon, corner_web_ring
D:2:      minmay_angry_zag, layout_basic, basic_altar,
          chequers_serial_rivers_room_b, nicolae_titane, uniq_jessica
D:3:      layout_loops_corners, nicolae_tso_besieged_by_evil,
          minmay_parallelograms, kennysheep_decorative_pillar,
          minmay_misc_feat_iff, chequers_serial_rivers_large_a, minmay_between,
          uniq_grinder
D:4:      layout_layer_cave, chequers_decorated_corner, uniq_sigmund

Skill      XL: |  1  2  3  4 |
---------------+-------------+-----
Dodging        | 3 |  3.4
Shields        | 3 |  3.3
Stealth        | 1 |  1.3
Axes           | 3 |  3.6
Throwing       | 1 |  1.5
Armour         | 1 |  1.2
Fighting       | |  4.9
Maces & Flails | |  0.4
Spellcasting   | |  0.4
Necromancy     | |  0.3
Air Magic      | |  0.2
Alchemy        | |  0.3
Invocations    | |  0.4

Action                     |  1- 3 |  4- 6 || total
---------------------------+-------+-------++-------
  Melee: War axe           |    68 |    26 ||    94
         Headbutt          |     5 |     8 ||    13
         Giant club        |       |    31 ||    31
  Throw: Boomerang         |     7 |    35 ||    42
 Invoke: Renounce Religion |     1 |       ||     1
    Use: Scroll            |       |     2 ||     2
         Potion            |       |     1 ||     1
 Armour: Robe              |    39 |    58 ||    97
  Dodge: Dodged            |    30 |    49 ||    79
  Block: Kite shield       |    28 |    11 ||    39
